 Dungeon Crawl Stone Soup version 0.19.1 (webtiles) character file.

178 LadySerpentine the Grave Robber (level 5, 0/35 HPs)
             Began as a Demonspawn Necromancer on Dec 1, 2016.
             Slain by an adder zombie (4 damage)
             ... on level 3 of the Dungeon.
             The game lasted 00:37:03 (5217 turns).

LadySerpentine the Grave Robber (DsNe)              Turns: 5217, Time: 00:37:03

Health: 0/35       AC:  1    Str:  8    XL:     5   Next: 32%
Magic:  7/11       EV: 13    Int: 17    God:
Gold:   115        SH:  0    Dex: 16    Spells: 5 memorised, 1 level left

rFire  . . .     SeeInvis .     d - +0 short sword
rCold  . . .     Gourm    .     a - +0 robe
rNeg   . . .     Faith    .     (no shield)
rPois  .         Spirit   .     (helmet restricted)
rElec  .         Reflect  .     (no cloak)
rCorr  .         Harm     .     (no gloves)
MR     .....                    (no boots)
Stlth  +++.......               (no amulet)
                                (no ring)
                                (no ring)

@: no status effects
A: antennae 1, hooves 1, camouflage 1, agile 1, deformed body, demonic guardian
1
a: no special abilities


You were on level 3 of the Dungeon.
You were not hungry.

You visited 1 branch of the dungeon, and saw 3 of its levels.

You collected 115 gold pieces.

Inventory:

Hand Weapons
 d - a +0 short sword (weapon)
 n - a +0 hunting sling
 r - a +0 hunting sling
 u - a +0 club
 v - a +0 hunting sling
Missiles
 e - 61 arrows
 g - 10 poisoned needles
 m - 38 sling bullets
 w - 99 stones (quivered)
Armour
 a - a +0 robe (worn)
 j - a +0 plate armour
Jewellery
 q - an uncursed amulet of guardian spirit
Scrolls
 h - a scroll of remove curse
 p - 3 scrolls of identify
 t - 3 scrolls of enchant weapon
 z - a scroll of amnesia
Potions
 x - 2 potions of curing
Books
 b - a book of Necromancy

   Spells                             Type                      Level
   a - Pain                           Necromancy                   1
   b - Animate Skeleton               Necromancy                   1
   c - Vampiric Draining              Necromancy                   3
   d - Regeneration                   Charms/Necromancy            3
   e - Animate Dead                   Necromancy                   4
   f - Control Undead                 Necromancy                   4
 k - a book of Minor Magic

   Spells                             Type                      Level
   a - Magic Dart                     Conjuration                  1
   b - Blink                          Translocation                2
   c - Call Imp                       Summoning                    2
   d - Repel Missiles                 Charms/Air                   2
   e - Slow                           Hexes                        2
   f - Conjure Flame                  Conjuration/Fire             3
   g - Mephitic Cloud                 Conjuration/Poison/Air       3
 o - a book of Maledictions

   Spells                             Type                      Level
   a - Corona                         Hexes                        1
   b - Ensorcelled Hibernation        Hexes/Ice                    2
   c - Confuse                        Hexes                        3
   d - Tukima's Dance                 Hexes                        3
   e - Dazzling Spray                 Conjuration/Hexes            3
Comestibles
 c - 4 bread rations
 f - 2 fruits
 l - a beef jerky


   Skills:
 + Level 0.1 Short Blades
 + Level 0.1 Slings
 + Level 2.1 Dodging
 + Level 2.1 Stealth
 * Level 4.5 Spellcasting
 - Level 4.7 Necromancy


You had one spell level left.
You knew the following spells:

 Your Spells              Type           Power        Failure   Level  Hunger
a - Pain                  Necr           ###.         2%          1    None
b - Animate Skeleton      Necr           N/A          2%          1    None
c - Vampiric Draining     Necr           ###.......   10%         3    ###....
d - Animate Dead          Necr           N/A          24%         4    ####...
e - Regeneration          Chrm/Necr      ##........   17%         3    ###....


Dungeon Overview and Level Annotations

Branches:
Dungeon (3/15)

Altars:
Ashenzari
Fedhas
Kikubaaqudgha
Makhleb
Okawaru
Qazlal
Sif Muna
Uskayaw


Innate Abilities, Weirdness & Mutations

You have a pair of small antennae on your head.
You have large cloven feet.
A weak demonic guardian rushes to your aid.
Your skin changes colour to match your surroundings (Stealth+).
You are agile. (Dex +2)
Armour fits poorly on your strangely shaped body.


Message History

The adder zombie barely misses you.
You barely miss the adder zombie. Your kick misses the adder zombie.
The adder zombie is heavily damaged.
The adder zombie misses you.
Casting: Pain
Confirm with . or Enter, or press ? or * to list all spells.
You can't see any susceptible monsters within range! (Use Z to cast anyway.)
The adder zombie barely misses you.
A bat comes into view.
Casting: Pain
Confirm with . or Enter, or press ? or * to list all spells.
Aiming: Pain
Press: ? - help, Shift-Dir - straight line, f - rat
Aim: a rat (chance to defeat MR: 90%)
The rat writhes in agony!
You kill the rat!
The adder zombie misses you. The adder zombie bites you.
* * * LOW HITPOINT WARNING * * *
The bat misses you. The adder zombie bites you.
You die...

#..............###..####....
#.........##.#####.# #....
##.......###.####..# #..#>
##...............## #.##.
####...........## ## #.
#.....).....# ##
#...........####
##.<).....)....# #
#....@.....#### ..
##...Zb.....#
...#...........#
...............####
...........)......###
...###..............# %..
#...............# ..
#.............).###
#.................#


You could see an adder zombie and a bat.

Vanquished Creatures
  Robin (D:3)
  6 adders
  A worm (D:3)
  4 dart slugs
  3 leopard geckos
  2 orcs (D:3)
  16 bats
  A giant cockroach (D:1)
  13 hobgoblins
  7 jackals
  2 quokkas
  A ball python (D:2)
  A frilled lizard (D:1)
  14 goblins
  7 kobolds
  10 rats
89 creatures vanquished.

Vanquished Creatures (collateral kills)
  An orc (D:3)
  A ball python (D:2)
  A hobgoblin (D:2)
  2 rats
5 creatures vanquished.

Vanquished Creatures (others)
  2 fungi (D:2)
2 creatures vanquished.

Grand Total: 96 creatures vanquished

Notes
Turn   | Place    | Note
-------+----------+-------------------------------------------
     0 | D:1      | LadySerpentine the Demonspawn Necromancer began the quest for the Orb.
     0 | D:1      | Reached XP level 1. HP: 13/13 MP: 3/3
   515 | D:1      | Gained mutation: You have large cloven feet. [demonic ancestry]
   515 | D:1      | Reached XP level 2. HP: 18/19 MP: 3/5
   933 | D:1      | Learned a level 1 spell: Animate Skeleton
  1235 | D:1      | Gained mutation: You have a pair of small antennae on your head. [demonic ancestry]
  1235 | D:1      | Reached XP level 3. HP: 23/24 MP: 2/7
  1457 | D:1      | Learned a level 3 spell: Vampiric Draining
  2246 | D:2      | Found an ancient bone altar of Kikubaaqudgha.
  2279 | D:2      | Found an iron altar of Okawaru.
  2294 | D:2      | Found a burning altar of Makhleb.
  2321 | D:2      | Found a deep blue altar of Sif Muna.
  2335 | D:2      | Gained mutation: A weak demonic guardian rushes to your aid. [demonic ancestry]
  2335 | D:2      | Reached XP level 4. HP: 29/30 MP: 5/9
  2343 | D:2      | Found a hide-covered altar of Uskayaw.
  2727 | D:2      | Found a stormy altar of Qazlal.
  2736 | D:2      | Found a blossoming altar of Fedhas.
  4435 | D:3      | Noticed Robin
  4451 | D:3      | Killed Robin
  4451 | D:3      | Reached XP level 5. HP: 25/35 MP: 4/11
  4457 | D:3      | Learned a level 4 spell: Animate Dead
  4468 | D:3      | Found a shattered altar of Ashenzari.
  4484 | D:3      | Learned a level 3 spell: Regeneration
  5195 | D:3      | Gained mutation: You are agile. (Dex +2) [potion of mutation]
  5195 | D:3      | Gained mutation: Your skin changes colour to match your surroundings (Stealth+). [potion of mutation]
  5195 | D:3      | Gained mutation: Armour fits poorly on your strangely shaped body. [potion of mutation]
  5217 | D:3      | Slain by an adder zombie

Skill      XL: |  1  2  3  4 |
---------------+-------------+-----
Spellcasting   | 3 4 |  4.5
Stealth        | 2 |  2.1
Dodging        | 2 |  2.1
Short Blades   | |  0.1
Slings         | |  0.1
Necromancy     | |  4.7

Action                   |  1- 3 |  4- 6 || total
-------------------------+-------+-------++-------
Melee: Short sword       |    29 |    47 ||    76
       Kick              |     2 |    10 ||    12
 Fire: Hunting sling     |       |     1 ||     1
 Cast: Pain              |    57 |    92 ||   149
       Animate Skeleton  |     9 |     7 ||    16
       Vampiric Draining |     6 |     2 ||     8
       Animate Dead      |       |     1 ||     1
  Use: Potion            |       |     3 ||     3
       Scroll            |       |     9 ||     9
 Stab: Distracted        |       |     1 ||     1
  Eat: Chunk             |     5 |     9 ||    14
Armor: Robe              |    17 |    25 ||    42
Dodge: Dodged            |    65 |   109 ||   174
